 Dungeon Crawl Stone Soup version 0.21.0 (webtiles) character file.

179 Hekarica the Skirmisher (level 5, 0/57 HPs)
             Began as an Ogre Monk on May 21, 2018.
             Was an Initiate of Gozag.
             Shot with a stone by a goblin (6 damage)
             ... on level 3 of the Dungeon.
             The game lasted 00:10:18 (2129 turns).

Hekarica the Skirmisher (Ogre Monk)                 Turns: 2129, Time: 00:10:19

Health: 0/57       AC:  6    Str: 16    XL:     5   Next: 59%
Magic:  5/5        EV: 11    Int: 11    God:    Gozag
Gold:   180        SH:  0    Dex: 11    Spells: 4/4 levels left

rFire    . . .     SeeInvis .   a - +0 hand axe
rCold    . . .     Gourm    .   (no shield)
rNeg     . . .     Faith    .   b - +0 robe
rPois    .         Spirit   .   (helmet restricted)
rElec    .         Reflect  .   (no cloak)
rCorr    .         Harm     .   (gloves unavailable)
MR       .....                  (boots unavailable)
Stlth    ++........             (no amulet)
HPRegen  0.19/turn              i - +3 ring of protection
MPRegen  0.09/turn              (no ring)

@: very slightly contaminated
A: large, unfitting armour, tough skin 1
a: Potion Petition, Call Merchant, Bribe Branch, Renounce Religion


You were on level 3 of the Dungeon.
You worshipped Gozag.
Gozag was aware of your devotion.
You were hungry.

You visited 1 branch of the dungeon, and saw 3 of its levels.

You collected 180 gold pieces.

Inventory:

Hand Weapons
 a - a +0 hand axe (weapon)
Missiles
 k - 3 tomahawks (quivered)
Armour
 b - a +0 robe (worn)
 l - a cursed -2 robe
Jewellery
 i - a +3 ring of protection (left hand)
Scrolls
 d - 3 scrolls of remove curse {unknown}
 f - 4 scrolls of identify {unknown}
 h - 3 scrolls of amnesia {unknown}
 m - a scroll of immolation {unknown}
Comestibles
 c - 2 rations


   Skills:
 + Level 5.2 Fighting
 + Level 3.9 Axes
 * Level 4.3 Dodging
 - Level 1.4 Stealth


You had 4 spell levels left.
You didn't know any spells.

Dungeon Overview and Level Annotations

Branches:
Dungeon (3/15)

Altars:
Ashenzari
Gozag
Kikubaaqudgha


Innate Abilities, Weirdness & Mutations

You are too large for most types of armour.
You have tough skin. (AC +1)


Message History

* * * LOW HITPOINT WARNING * * *
You aren't carrying any potions.
Blink to where?
Press: ? - help, Dir - move target cursor You are very lightly contaminated with residual magic.
As you read the scroll labeled YDEZAOSHROTA, it crumbles to dust.
It was a scroll of blinking.
As you read the scroll labeled YXIPHIJASK, it crumbles to dust.
You smell tea.
It was a scroll of random uselessness.
As you read the scroll labeled ICRUBBAYJI, it crumbles to dust.
You feel strangely unstable.
It was a scroll of teleportation.
Your surroundings suddenly seem different.
Found an escape hatch in the ceiling.
The goblin unwields an uncursed dagger.
The goblin wields a hunting sling.
The goblin shoots a stone.
The stone hits you.
* * * LOW HITPOINT WARNING * * *
You see here a stone.
The goblin shoots a stone.
The stone hits you.
You die...
Your body crumbles into a pile of gold.

### #. #o
#.#####........ ..
#.##.# ###.#.### ..
#.##># #...... #.$o.#
###o### #.###.########.#
$ # #.# #..........###
#.##.###...g.........
.###........############
.......@(<..#
#############


You could see a goblin.

Vanquished Creatures
  A centaur (D:3)
  5 adders
  3 worms
  2 dart slugs
  A leopard gecko (D:3)
  3 orcs (D:3)
  5 bats
  A giant cockroach (D:3)
  3 goblins
  3 hobgoblins (D:2)
  4 kobolds
  A quokka (D:2)
  A ball python (D:3)
  2 frilled lizards
  2 rats (D:2)
37 creatures vanquished.

Notes
Turn   | Place    | Note
-------+----------+-------------------------------------------
     0 | D:1      | Hekarica the Ogre Monk began the quest for the Orb.
     0 | D:1      | Reached XP level 1. HP: 24/24 MP: 1/1
    64 | D:1      | You fall through a shaft!
   149 | D:2      | Reached XP level 2. HP: 20/32 MP: 2/2
   564 | D:2      | Reached XP level 3. HP: 36/40 MP: 3/3
  1257 | D:3      | Found a shattered altar of Ashenzari.
  1257 | D:3      | Found an opulent altar of Gozag.
  1275 | D:3      | Became a worshipper of Gozag Ym Sagoz the Greedy
  1298 | D:3      | Reached XP level 4. HP: 27/49 MP: 4/4
  1434 | D:3      | Noticed a centaur
  1465 | D:3      | Killed a centaur
  1465 | D:3      | Reached skill level 5 in Fighting
  1465 | D:3      | Reached XP level 5. HP: 13/57 MP: 5/5
  2002 | D:3      | Found an ancient bone altar of Kikubaaqudgha.
  2129 | D:3      | Shot with a stone by a goblin

Skill      XL: |  1  2  3  4 |
---------------+-------------+-----
Dodging        | 3 4 |  4.3
Fighting       | 5 |  5.2
Axes           | |  3.9
Stealth        | |  1.4

Action                   |  1- 3 |  4- 6 || total
-------------------------+-------+-------++-------
Melee: Hand axe          |    97 |    77 ||   174
  Use: Potion            |       |     2 ||     2
       Scroll            |       |     3 ||     3
 Stab: Sleeping          |     3 |     2 ||     5
  Eat: Ration            |     1 |       ||     1
Armor: Robe              |    28 |    33 ||    61
Dodge: Dodged            |    46 |    59 ||   105
